 Dungeon Crawl Stone Soup version 0.32-a0-818-gb728d02 (webtiles) character file.

Game seed: 1871903123425044470

844 blackthorn the Shooter (level 7, -1/56 HPs)
             Began as a Demigod Hexslinger on Mar 24, 2024.
             Slain by an orc warrior
             ... wielding a +0 war axe
              (16 damage)
             ... on level 6 of the Dungeon.
             The game lasted 00:08:32 (5204 turns).

blackthorn the Shooter (Demigod Hexslinger)         Turns: 5204, Time: 00:08:32

Health: -1/56      AC:  5    Str: 13    XL:     7   Next: 40%
Magic:  11/11      EV: 10    Int: 15    God:
Gold:   311        SH: 11    Dex: 20    Spells: 5/8 levels left

rFire   . . .        a - +1 sling
rCold   . . .        n - +2 kite shield
rNeg    . . .        c - +0 robe
rPois   .            (no helmet)
rElec   .            e - +2 cloak
rCorr   .            (no gloves)
SInv    .            (no boots)
Will    .....        (no amulet)
Stlth   ++           (no ring)
HPRegen 0.29/turn    (no ring)
MPRegen 0.12/turn

%: no passive effects
@: on berserk cooldown
A: high MP 1, forlorn, divine attributes
a: no special abilities


You were on level 6 of the Dungeon.
You visited 1 branch of the dungeon, and saw 6 of its levels.

You collected 311 gold pieces.

Inventory:

Hand Weapons
 a - a +1 sling (weapon)
Missiles
 h - 2 throwing nets
 r - 11 poisoned darts
Armour
 c - a +0 robe (worn)
 e - a +2 cloak (worn)
 n - a +2 kite shield (worn)
Jewellery
 q - a +6 ring of intelligence
Scrolls
 b - 2 scrolls of poison
 d - 2 scrolls of teleportation
 f - a scroll of blinking
 g - 7 scrolls of identify
 i - a scroll of fog {unknown}
 l - 2 scrolls of noise
Potions
 j - a potion of degeneration
 k - 2 potions of lignification {unknown}
 m - 2 potions of curing
 o - a potion of enlightenment {unknown}
 p - a potion of might {unknown}


   Skills:
 + Level 2.4 Fighting
 * Level 6.9 Ranged Weapons
 + Level 2.8 Dodging
 + Level 1.8 Shields
 * Level 1.3 Spellcasting
 + Level 2.7 Hexes
 + Level 0.8 Fire Magic


You had 5 spell levels left.
You knew the following spells:

 Your Spells              Type           Power      Damage    Failure   Level
a - Inner Flame           Hex/Fire       6%         N/A       78%         3

Your spell library contained the following spells:

 Spells                   Type           Power      Damage    Failure   Level
 Slow                     Hex            36%        N/A       30%         1
 Jinxbite                 Hex            18%        N/A       41%         2
 Confusing Touch          Hex            9%         N/A       65%         3
 Sigil of Binding         Hex            9%         N/A       65%         3
 Summon Ice Beast         Ice/Summ       1%         N/A       95%         3
 Vampiric Draining        Necr           1%         2d6       95%         3
 Cause Fear               Hex            4%         N/A       96%         4
 Dimensional Bullseye     Hex/Tloc       2%         N/A       99%         4
 Summon Mana Viper        Hex/Summ       5%         N/A       100%        5
 Monstrous Menagerie      Summ           0%         N/A       100%        7


Dungeon Overview and Level Annotations

Branches:
Dungeon (6/15)
 Temple: D:4-7

Shops:
D:5 :

Annotations:
D:3 Ijyb
D:5 3 runed translucent doors, CumLord's ghost, novice DjNe


Innate Abilities, Weirdness & Mutations

You have an increased reservoir of magic. (+10% MP)
You shall have no god before yourself.
Your divine heritage dramatically boosts your attributes as you level up.


Message History

You shoot a sling bullet. The sling bullet hits the orc!
You kill the orc!
The orc warrior shoots a bolt.
You block the bolt.
The orc warrior shoots a bolt.
The bolt hits you!!
You shoot a sling bullet.
The sling bullet closely misses the orc warrior.
The orc warrior throws a datura-tipped dart.
You block the datura-tipped dart.
The orc warrior shoots a bolt.
You block the bolt.
You shoot a sling bullet.
The sling bullet hits the orc warrior but does no damage.
The orc warrior is lightly wounded.
The orc warrior unwields a +0 arbalest.
The orc warrior wields a +0 war axe.
You block the orc warrior's attack.
You shoot a sling bullet. The sling bullet hits the orc warrior.
The orc warrior is lightly wounded.
The orc warrior misses you.
You shoot a sling bullet.
The sling bullet hits the orc warrior but does no damage.
The orc warrior is lightly wounded.
The orc warrior hits you with a +0 war axe!
The orc warrior barely misses you.
You are too injured to fight recklessly!
You are too injured to fight recklessly!
Unknown command.
You shoot a sling bullet.
The sling bullet hits the orc warrior but does no damage.
The orc warrior is lightly wounded.
The orc warrior barely misses you.
The orc warrior hits you with a +0 war axe!
You shoot a sling bullet.
The sling bullet closely misses the orc warrior.
The orc warrior hits you with a +0 war axe!
* * * LOW HITPOINT WARNING * * *
The orc warrior barely misses you.
Unknown command.
It was a potion of curing.
You feel better.
You feel yourself speed up.
The orc warrior hits you with a +0 war axe!
You die...

#.##... #o #.##..# #.
#.##..# #. #.##..#
#.# #.
#.....######### #.#
###.######..#.......#
#.#
...........#.#####.#
#.# ## #.######..#.#
#.# #.# #.
#.........#@# #.# #.#
#. #.######o##o# #.#
#.# ##. #[ #.##.#
#.####.###.# ..
#.##.# #.........##
### #.##.#
##########.# #.##.#
##. #....# ## ######


You could see an orc warrior.

Vanquished Creatures
  A sky beast (D:6)
  A phantom (D:5)
  A bullfrog (D:4)
  2 scorpions (D:4)
  3 bombardier beetles
  A hound (D:4)
  A jelly (D:4)
  An orc priest (D:4)
  A gnoll bouda (D:4)
  2 iguanas
  An orc wizard (D:4)
  5 gnolls
  5 adders
  A white imp (D:6)
  4 dart slugs
  2 ribbon worms
  4 orcs
  4 ball pythons
  3 endoplasms (D:4)
  5 giant cockroaches
  12 goblins
  5 hobgoblins
  7 jackals
  3 quokkas
  6 bats
  4 frilled lizards
  4 kobolds
  4 rats
93 creatures vanquished.

Notes
Turn   | Place    | Note
-------+----------+-------------------------------------------
     0 | D:1      | blackthorn the Demigod Hexslinger began the quest for the
                  | Orb.
     0 | D:1      | Reached XP level 1. HP: 15/15 MP: 4/4
    72 | D:1      | Reached skill level 2 in Ranged Weapons
    73 | D:1      | Reached skill level 1 in Fighting
   146 | D:1      | Reached XP level 2. HP: 23/23 MP: 5/5
   728 | D:1      | Reached XP level 3. HP: 23/28 MP: 7/7
   859 | D:2      | Reached skill level 3 in Ranged Weapons
  1262 | D:3      | Noticed Ijyb
  1655 | D:3      | Reached XP level 4. HP: 35/35 MP: 8/8
  1860 | D:3      | Reached skill level 4 in Ranged Weapons
  2173 | D:4      | Reached XP level 5. HP: 27/41 MP: 9/9
  2620 | D:4      | Reached skill level 5 in Ranged Weapons
  2753 | D:4      | Reached skill level 1 in Shields
  2759 | D:4      | Noticed an ogre
  2782 | D:5      | Entered Level 5 of the Dungeon
  2782 | D:5      | Found Kedopuumnu's Book Shop.
  2842 | D:4      | Reached XP level 6. HP: 35/48 MP: 10/10
  3741 | D:4      | Reached skill level 6 in Ranged Weapons
  4109 | D:5      | Reached XP level 7. HP: 45/55 MP: 11/11
  4184 | D:5      | Found a runed translucent gate.
  4184 | D:5      | Found a runed translucent gate.
  4184 | D:5      | Found a runed translucent gate.
  4185 | D:5      | Noticed CumLord's ghost (novice DjNe)
  4310 | D:5      | Learned a level 3 spell: Inner Flame
  4681 | D:6      | Noticed a steam dragon
  5204 | D:6      | Slain by an orc warrior

Illustrated notes

Levels and vault maps discovered:
D:1:      lightli_arrival_quake, layout_loops_ring
D:2:      layout_rooms, basic_altar, minmay_tromino_v2
D:3:      minmay_evil_eye, layout_basic, mainiacjoe_overflow_cross_hatched,
          hellmonk_ecumenical_altar_blasted, uniq_ijyb
D:4:      layout_loops_cross, mainiacjoe_overflow_tiny_flanked,
          palyth_stone_intersect
D:5:      layout_gridville, gammafunk_ghost_necromancy, serial_shops, shop
D:6:      layout_loops_ring, nicolae_wu_jian_glorious_leap

Skill      XL: |  1  2  3  4  5  6 |
---------------+-------------------+-----
Dodging        | 2 |  2.8
Ranged Weapons | 2 3 4 5 6 |  6.9
Fighting       | 1 2 |  2.4
Shields        | 1 |  1.8
Spellcasting   | |  1.3
Hexes          | |  2.7
Fire Magic     | |  0.8

Action                     |  1- 3 |  4- 6 |  7- 9 || total
---------------------------+-------+-------+-------++-------
   Fire: Sling             |   158 |   204 |    68 ||   430
    Use: Potion            |     3 |     2 |     2 ||     7
         Scroll            |     2 |     3 |       ||     5
 Armour: Robe              |    51 |   114 |    32 ||   197
  Dodge: Dodged            |    46 |    79 |    15 ||   140
  Block: Kite shield       |    15 |   129 |    27 ||   171

Table legend: (Time is in decaauts)
 A = Elapsed time spent in this place.
 B = Non-inter-level travel time spent in this place.
 C = Inter-level travel time spent in this place.
 D = Time resting spent in this place.
 E = Time spent auto-exploring this place.
 F = Levels seen in this place.
 G = Mean time per level.
                   A        B        C        D        E       F      G
               +--------+--------+--------+--------+--------+-----+--------+
         Total |   5379 |   5279 |    100 |   1536 |   2621 |   6 |  896.5 |
       Dungeon |   5379 |   5279 |    100 |   1536 |   2621 |   6 |  896.5 |
               +--------+--------+--------+--------+--------+-----+--------+

Top non-repeatable levels by time:
     D:4: 1694 daAuts
     D:1: 832 daAuts
     D:3: 766 daAuts
     D:6: 764 daAuts
     D:5: 705 daAuts
     D:2: 617 daAuts
